 Dungeon Crawl Stone Soup version 0.31-a0-198-g2ad674f65e (webtiles) character file.

Game seed: 7047237884364922259

260 qw the Skirmisher (level 5, -2/30 HPs)
             Began as a Deep Elf Hunter on June 25, 2023.
             Slain by a black bear (4 damage)
             ... on level 4 of the Dungeon.
             The game lasted 00:00:58 (2708 turns).

qw the Skirmisher (Deep Elf Hunter)                 Turns: 2708, Time: 00:00:59

Health: -2/30      AC:  5    Str: 10    XL:     5   Next: 95%
Magic:  7/7        EV: 11    Int: 14    God:
Gold:   167        SH:  0    Dex: 18    Spells: 4/4 levels left

rFire   + . .        Y - +0 shortbow
rCold   . . .        (shield currently unavailable)
rNeg    . . .        a - +0 ring mail
rPois   .            (no helmet)
rElec   .            (no cloak)
rCorr   .            (no gloves)
SInv    .            (no boots)
Will    .....        (no amulet)
Stlth   +            b - ring of protection from fire
HPRegen 0.25/turn    (no ring)
MPRegen 0.10/turn

%: no passive effects
@: no status effects
A: no striking features
a: no special abilities


You were on level 4 of the Dungeon.
You visited 1 branch of the dungeon, and saw 4 of its levels.

You collected 167 gold pieces.


   Skills:
 - Level 2.0 Fighting
 + Level 9.3 Ranged Weapons
 - Level 2.4 Dodging
 - Level 1.2 Stealth


You had 4 spell levels left.
You didn't know any spells.
Your spell library was empty.

Inventory:

Hand Weapons
 Y - a +0 shortbow (weapon)
Armour
 a - a +0 ring mail (worn)
Jewellery
 b - a ring of protection from fire (left hand)
Potions
 c - a potion of might
 d - a potion of lignification {unknown}
 e - a potion of attraction {unknown}
 g - a potion of heal wounds {unknown}
 h - 3 potions of haste {unknown}
 j - a potion of magic {unknown}
 l - a potion of curing

Dungeon Overview and Level Annotations

Branches:
Dungeon (4/15)
 Temple: D:4-7

Altars:

Shops:
D:2 [

Annotations:
D:1 2 transporters
D:4 Robin


Message History

You shoot an arrow. The hobgoblin shouts!
The arrow hits the goblin.
The goblin is severely wounded.
The goblin hits you but does no damage.
You shoot an arrow. The arrow hits the goblin.
You kill the goblin!
The black bear bites you but does no damage.
The black bear claws you.
The black bear claws you but does no damage.
You shoot an arrow. The arrow hits the black bear.
The black bear is lightly wounded.
The black bear bites you. The black bear completely misses you.
The black bear claws you. The goblin hits you but does no damage.
You shoot an arrow. The arrow hits the black bear.
The black bear is moderately wounded.
Robin roars a battlecry!
The goblin goes into a battle-frenzy!
The black bear closely misses you. x2; The black bear claws you.
You shoot an arrow.
The arrow hits the black bear but does no damage.
The black bear is moderately wounded.
The black bear barely misses you. The black bear claws you.
The black bear claws you but does no damage.
The goblin barely misses you.
The hobgoblin hits you but does no damage.
The black bear closely misses you. x2; The black bear claws you.
The hobgoblin barely misses you. The goblin barely misses you.
You shoot an arrow. The arrow barely misses the black bear.
The arrow barely misses the goblin.
The arrow hits Robin but does no damage.
The goblin hits you with a +0 dagger. The black bear bites you.
The black bear claws you. The black bear misses you.
The hobgoblin barely misses you.
You shoot an arrow. The arrow hits the black bear!
The black bear is heavily wounded.
Robin throws the goblin at you! The goblin hits you with a +0 club.
The hobgoblin hits you. The black bear bites you.
The black bear closely misses you. The black bear claws you.
You die...

. $........ ..#).>....
)#......# .......# .
#.g...# # [. gg...###..
#. #hgg...... #. #@gg..#
.. #.##gg...#..
#........#.#
.####...###..#.#
........####...#
####.............######..
##....###.####........
#.........# #........
#...###...###........


You could see a black bear, Robin, 2 hobgoblins and 6 goblins.

Vanquished Creatures
  An ogre (D:3)
  An orc priest (D:4)
  Jessica (D:3)
  3 adders (D:3)
  3 worms
  A dart slug (D:1)
  6 orcs
  6 endoplasms
  6 giant cockroaches
  8 hobgoblins
  4 jackals (D:2)
  7 kobolds
  2 quokkas
  7 ball pythons
  4 bats
  3 frilled lizards (D:1)
  6 goblins
  6 rats
75 creatures vanquished.

Notes
Turn   | Place    | Note
-------+----------+-------------------------------------------
     0 | D:1      | qw the Deep Elf Hunter began the quest for the Orb.
     0 | D:1      | Reached XP level 1. HP: 12/12 MP: 3/3
     0 | D:1      | 0 ||| qw: Version: 0.3-a-22-g0ed2b0b
     0 | D:1      | 0 ||| qw: Game counter: 4881
     0 | D:1      | 0 ||| qw: Melee chars always use a shield: true
     0 | D:1      | 0 ||| qw: God list: Okawaru
     0 | D:1      | 0 ||| qw: Allow faded altars: false
     0 | D:1      | 0 ||| qw: Do Orc after clearing Dungeon:15 true
     0 | D:1      | 0 ||| qw: Do second Lair branch before Depths: true
     0 | D:1      | 0 ||| qw: Lair rune preference: random
     0 | D:1      | 0 ||| qw: Goals: Normal
     0 | D:1      | 0 ||| PLANNING D:1-11
    33 | D:1      | Reached XP level 2. HP: 16/16 MP: 4/4
    39 | D:1      | Reached skill level 6 in Ranged Weapons
   486 | D:1      | 486 ||| UPGRADING to +0 scale mail.
   496 | D:1      | 496 ||| DROPPING +0 leather armour.
   497 | D:1      | 497 ||| DROPPING scroll of butterflies.
   590 | D:2      | Reached XP level 3. HP: 20/20 MP: 5/5
   707 | D:2      | You fall into a shaft and drop 1 floor!
   708 | D:3      | 708 ||| UPGRADING to ring of protection from fire.
   807 | D:2      | Found Vusanis's Armour Shop.
   816 | D:2      | 816 ||| SHOPLISTING +0 pair of boots (54 gold, have 38).
   816 | D:2      | 816 ||| SHOPLISTING +0 pair of gloves (54 gold, have 38).
   816 | D:2      | 816 ||| SHOPLISTING +0 ring mail (48 gold, have 38).
   816 | D:2      | 816 ||| SHOPLISTING +1 pair of gloves of strength (198
                  | gold, have 38).
   901 | D:2      | Reached skill level 7 in Ranged Weapons
  1368 | D:2      | 1368 ||| READING scroll labelled QEHEZO BUR HEY.
  1538 | D:3      | Noticed Jessica
  1546 | D:3      | Killed Jessica
  1547 | D:3      | Reached XP level 4. HP: 20/25 MP: 6/6
  1623 | D:3      | Noticed an ogre
  1628 | D:3      | Killed an ogre
  1629 | D:3      | Reached skill level 8 in Ranged Weapons
  1629 | D:3      | Reached XP level 5. HP: 29/29 MP: 7/7
  1633 | D:3      | Found a faded altar of an unknown god.
  2139 | D:3      | Reached skill level 9 in Ranged Weapons
  2177 | D:3      | HP: 7/30 [orc/+0 short sword (3)]
  2178 | D:3      | 2178 ||| READING scroll of teleportation.
  2524 | D:3      | 2524 ||| UPGRADING to +0 ring mail.
  2534 | D:3      | 2534 ||| DROPPING +0 scale mail.
  2535 | D:3      | 2535 ||| READING scroll labelled JORIPO POZULEBRU.
  2536 | D:3      | 2536 ||| READING scroll labelled SUVYIZECUW.
  2537 | D:3      | 2537 ||| DRINKING 2 fizzy ruby potions.
  2538 | D:3      | 2538 ||| DRINKING 2 smoky clear potions.
  2540 | D:3      | 2540 ||| Stepping ~*~*~tactically~*~*~ (cloud).
  2698 | D:4      | Noticed Robin
  2698 | D:4      | Noticed a black bear
  2707 | D:4      | HP: 7/30 [black bear (1)]
  2708 | D:4      | HP: 3/30 [hobgoblin[Robin] (1)]
  2708 | D:4      | Slain by a black bear

Levels and vault maps discovered:
D:1:      spicycebolla_arrival_transporter_tutorial, layout_basic,
          serial_park_tiny_2
D:2:      layout_basic, serial_shops, shop
D:3:      minmay_octagon_keep, layout_loops_corners,
          hellmonk_ecumenical_altar_inner_sanctum, fountainhead,
          kennysheep_another_room, uniq_jessica
D:4:      layout_rooms, gammafunk_temple_overflow_arena, uniq_robin

Skill      XL: |  1  2  3  4  5 |
---------------+----------------+-----
Ranged Weapons | 6 7 8 9 |  9.3
Fighting       | 2 |  2.0
Dodging        | |  2.4
Stealth        | |  1.2

Action                     |  1- 3 |  4- 6 || total
---------------------------+-------+-------++-------
   Fire: Shortbow          |   120 |   105 ||   225
    Use: Scroll            |     1 |     3 ||     4
         Potion            |       |     2 ||     2
 Armour: Scale mail        |    14 |    25 ||    39
         Leather armour    |     1 |       ||     1
         Ring mail         |       |    10 ||    10
  Dodge: Dodged            |    18 |    46 ||    64

Table legend:
 A = Non-vault XP
 B = Vault XP
 C = Vault XP percentage of total XP
 D = Non-vault monster count
 E = Vault monster count
 F = Vault count percentage of total count
                 A         B        C        D         E       F
            +---------+---------+-------+---------+---------+-------
      Total |     292 |      80 |  21.5 |      59 |      16 |  21.3
            +---------+---------+-------+---------+---------+-------
        D:1 |      34 |       0 |   0.0 |      20 |       0 |   0.0
        D:2 |      45 |       0 |   0.0 |      22 |       0 |   0.0
        D:3 |     164 |      74 |  31.1 |      13 |      13 |  50.0
        D:4 |      49 |       6 |  10.9 |       4 |       3 |  42.9
            +---------+---------+-------+---------+---------+-------
